 Dungeon Crawl Stone Soup version 0.20.1-1-g8b1a95d (webtiles) character file.

35 letownia2 the Grave Robber (level 3, -3/28 HPs)
             Began as a Deep Dwarf Necromancer on Dec 27, 2017.
             Killed from afar by an orc wizard (8 damage)
             ... with a puff of frost
             ... on level 3 of the Dungeon.
             The game lasted 00:02:52 (671 turns).

letownia2 the Grave Robber (Deep Dwarf Necromancer)  Turns: 671, Time: 00:02:53

Health: -3/28      AC:  5    Str: 11    XL:     3   Next: 16%
Magic:  1/6        EV: 11    Int: 16    God:
Gold:   13         SH:  0    Dex: 13    Spells: 2/6 levels left

rFire    . . .     SeeInvis .   h - +0 short sword
rCold    . . .     Gourm    .   (no shield)
rNeg     . . .     Faith    .   e - +0 ring mail
rPois    .         Spirit   .   (no helmet)
rElec    .         Reflect  .   (no cloak)
rCorr    .         Harm     .   (no gloves)
MR       .....                  (no boots)
Stlth    +.........             (no amulet)
Regen    0.0/turn               (no ring)
MPRegen  0.1/turn               (no ring)

@: very slightly contaminated, non-regenerating
A: damage resistance, heal wounds, sense surroundings 1, no regeneration
a: Heal Wounds


You were on level 3 of the Dungeon.
You were not hungry.

You visited 1 branch of the dungeon, and saw 4 of its levels.

You collected 13 gold pieces.

Inventory:

Hand Weapons
 h - a +0 short sword (weapon)
Armour
 a - a +0 robe
 e - a +0 ring mail (worn)
 j - a cursed +0 leather armour
 k - a +0 scale mail
Scrolls
 g - 3 scrolls of identify {unknown}
 i - 3 scrolls of noise {unknown}
Books
 b - a book of Necromancy

   Spells                             Type                      Level
   a - Pain                           Necromancy                   1
   b - Animate Skeleton               Necromancy                   1
   c - Vampiric Draining              Necromancy                   3
   d - Regeneration                   Charms/Necromancy            3
   e - Animate Dead                   Necromancy                   4
   f - Control Undead                 Necromancy                   4
Comestibles
 c - 2 bread rations
 d - 2 meat rations
 f - a fruit


   Skills:
 - Level 2.1 Dodging
 - Level 2.4 Stealth
 - Level 2.1 Spellcasting
 + Level 5.3 Necromancy


You had 2 spell levels left.
You knew the following spells:

 Your Spells              Type           Power        Failure   Level  Hunger
a - Pain                  Necr           ###.         5%          1    #......
v - Vampiric Draining     Necr           ###.......   17%         3    ###....


Dungeon Overview and Level Annotations

Branches:
Dungeon (4/15)
 Temple: D:4-7

Altars:
Fedhas
Uskayaw

Annotations:
D:4 Grinder


Innate Abilities, Weirdness & Mutations

You are resistant to damage.
You can heal yourself by infusing magical energy.
You passively map a small area around you.
You do not regenerate.


Message History

Press: ? - help, Shift-Dir - straight line, f - orc wizard
Aim: an orc wizard, wielding a dagger and wearing a robe (chance to defeat MR: 78%)
The orc wizard writhes in agony!
Casting: Pain
Confirm with . or Enter, or press ? or * to list all spells.
Aiming: Vampiric Draining
Press: ? - help, Shift-Dir - straight line, f/p - orc wizard
Aim: an orc wizard, wielding a dagger and wearing a robe (lightly wounded)
You miscast Vampiric Draining.
You are very lightly contaminated with residual magic.
You smell decay.
The orc wizard hits you with a dagger.
Unknown command.
The orc wizard points at you and mumbles some strange words.
The puff of frost misses you. The orc wizard completely misses you.
The orc priest calls upon Beogh to heal the orc wizard.
The orc wizard's wounds heal themselves!
The orc wizard points at you and mumbles some strange words.
The puff of frost hits you!
You die...

, ## ##.#..... , ...
,*##.⌠.#..######### ...).*,
##.#.#..###.....o. .......#
##o####(#.......##,
........##.⌠.##...........#.#
...........##.##..##........._.,
.........##..#...###...>....#.*
...#.........o####...†.......#
##.###.##..#..@<).............
##.........##...)............##
##.............#.####.........#
* .................# #.........#
#........###.### #....###..#
#.......## #.# #...## #.#
####.#### #.# ##.## , .[ *
#.....# #.# #.+ , *,,
##.###.####.### *## *


You could see an orc priest and an orc wizard.

Vanquished Creatures
  2 adders
  A leopard gecko (D:4)
  3 orcs (D:3)
  A goblin (D:2)
  A hobgoblin (D:2)
  2 jackals
  A kobold (D:1)
11 creatures vanquished.

Notes
Turn   | Place    | Note
-------+----------+-------------------------------------------
     0 | D:1      | letownia2 the Deep Dwarf Necromancer began the quest for the Orb.
     0 | D:1      | Reached XP level 1. HP: 15/15 MP: 3/3
   306 | D:2      | Reached XP level 2. HP: 19/22 MP: 0/5
   368 | D:3      | Reached skill level 5 in Necromancy
   431 | D:3      | Found a blossoming altar of Fedhas.
   454 | D:4      | Found a hide-covered altar of Uskayaw.
   472 | D:4      | Noticed Grinder
   553 | D:3      | Reached XP level 3. HP: 6/28 MP: 3/6
   565 | D:3      | Learned a level 3 spell: Vampiric Draining
   671 | D:3      | Killed from afar by an orc wizard

Skill      XL: |  1  2 |
---------------+-------+-----
Spellcasting   | 2 |  2.1
Necromancy     | 5 |  5.3
Dodging        | |  2.1
Stealth        | |  2.4

Action                   || total
-------------------------++-------
Melee: Short sword       ||    20
 Cast: Pain              ||    24
       Vampiric Draining ||     2
Armor: Ring mail         ||    18
Dodge: Dodged            ||    51
